 Dungeon Crawl Stone Soup version 0.30.1-9-gdf580d7c3d (webtiles) character file.

Game seed: 10255800048940595652

9 CaptainMV the Magician (level 2, 0/21 HPs)
             Began as a Demonspawn Wanderer on Sept 25, 2023.
             Slain by a goblin
             ... wielding a +0 dagger
              (2 damage)
             ... on level 1 of the Dungeon.
             The game lasted 00:04:46 (267 turns).

CaptainMV the Magician (Demonspawn Wanderer)         Turns: 267, Time: 00:04:46

Health: 0/21       AC:  2    Str: 12    XL:     2   Next: 3%
Magic:  6/6        EV: 10    Int: 12    God:
Gold:   20         SH:  4    Dex: 13    Spells: 6/7 levels left

rFire   . . .        a - +0 dagger
rCold   . . .        b - +0 buckler
rNeg    . . .        d - +0 robe
rPois   .            (no helmet)
rElec   .            (no cloak)
rCorr   .            (no gloves)
SInv    .            (no boots)
Will    .....        (no amulet)
Stlth   ++           (no ring)
HPRegen 0.23/turn    (no ring)
MPRegen 0.10/turn

%: no passive effects
@: no status effects
A: powered by pain 1
a: no special abilities


You were on level 1 of the Dungeon.
You visited 1 branch of the dungeon, and saw 1 of its levels.

You collected 20 gold pieces.

Inventory:

Hand Weapons
 a - a +0 dagger (weapon)
Missiles
 l - 4 javelins
Armour
 b - a +0 buckler (worn)
 d - a +0 robe (worn)
Wands
 e - a wand of acid (2)
Scrolls
 c - a scroll of blinking
 f - 2 scrolls of enchant armour {unknown}
 g - a scroll of teleportation {unknown}
 i - a scroll of vulnerability {unknown}
 k - a scroll of fear {unknown}
Potions
 h - a potion of mutation {unknown}
 j - a potion of heal wounds {unknown}


   Skills:
 + Level 1.0 Fighting
 + Level 0.1 Short Blades
 + Level 1.0 Stealth
 + Level 1.0 Shields
 + Level 3.3 Spellcasting
 + Level 1.0 Hexes
 + Level 3.0 Evocations


You had 6 spell levels left.
You knew the following spells:

 Your Spells              Type           Power      Damage    Failure   Level
a - Slow                  Hex            16%        N/A       22%         1

Your spell library contained the following spells:

 Spells                   Type           Power      Damage    Failure   Level
 Inner Flame              Hex/Fire       3%         N/A       63%         3


Dungeon Overview and Level Annotations

Branches:
Dungeon (1/15)

Altars:


Innate Abilities, Weirdness & Mutations

You sometimes gain a little power by taking damage.


Message History

A goblin comes into view. It is wielding a +0 dagger.
A giant cockroach comes into view.
A hobgoblin comes into view.
Found 3 stones.
The hobgoblin shouts!
You hear an angry hiss.
The goblin shouts!
A rat comes into view.
You see here a scroll labelled BEHEMM UQICW.
You hit the goblin.
The goblin is severely wounded.
The goblin barely misses you.
You barely miss the goblin.
The goblin is severely wounded.
The goblin hits you with a +0 club.
You closely miss the goblin.
The goblin is severely wounded.
The goblin splashes around in the water.
You barely miss the goblin.
The goblin is severely wounded.
The goblin hits you with a +0 club.
A ball python comes into view.
You hit the goblin.
You kill the goblin!
You hear a splash.
The hobgoblin barely misses you. The goblin closely misses you.
The hobgoblin hits you.
* * * LOW HITPOINT WARNING * * *
You have reached level 2!
Your demonic ancestry asserts itself...
You feel energised by your suffering.
You hit the goblin.
The goblin is severely wounded.
The hobgoblin splashes around in the water.
The goblin hits you with a +0 dagger.
* * * LOW HITPOINT WARNING * * *
You barely miss the goblin.
The goblin is severely wounded.
The giant cockroach bites you but does no damage.
The goblin hits you with a +0 dagger.
You die...

#.. .# .# #.. #.#(.
####..##.#.#
~.......S#.#
~.[..~~.~..###
~.≈~~~~r~≈≈≈≈##
~~~≈~~ggB≈≈≈≈≈#
.~~...~@...#
..~.~.)...##
..~...~..##
######.#.# #.#.###
.############.....#
#######
............###.#.#
#......
######.###.###.#.#
#...... #......#
#.....# # #......


You could see a giant cockroach, a hobgoblin, a goblin, a ball python and a rat.

Vanquished Creatures
  A goblin (D:1)
  A quokka (D:1)
  A ball python (D:1)
  2 bats (D:1)
  A frilled lizard (D:1)
  2 kobolds (D:1)
  2 rats (D:1)
10 creatures vanquished.

Notes
Turn   | Place    | Note
-------+----------+-------------------------------------------
     0 | D:1      | CaptainMV the Demonspawn Wanderer began the quest for the
                  | Orb.
     0 | D:1      | CaptainMV set off with the following items: a +0 dagger, a
                  | +0 buckler, a scroll of blinking, a +0 robe, a wand of acid
                  | (2); and the following spell memorised: Slow; and the
                  | following spells available to memorise: Inner Flame.
     0 | D:1      | Reached XP level 1. HP: 15/15 MP: 4/4
   266 | D:1      | Gained mutation: You sometimes gain a little power by
                  | taking damage. [demonic ancestry]
   266 | D:1      | Reached XP level 2. HP: 5/21 MP: 6/6
   266 | D:1      | HP: 1/21 [goblin/+0 dagger (4)]
   267 | D:1      | Slain by a goblin

Illustrated notes

Levels and vault maps discovered:
D:1:      heliophobic_arrival_henge, layout_loops_ring, serial_rivers,
          chequers_serial_rivers_micro_a, chequers_serial_rivers_small_3,
          chequers_serial_rivers_micro_d, chequers_serial_rivers_small_b,
          chequers_serial_rivers_marsh

Action                     || total
---------------------------++-------
  Melee: Dagger            ||    47
 Armour: Robe              ||    13
  Dodge: Dodged            ||    24
  Block: Buckler           ||    15
